SA
HAMMOND HERONS @ NEBRASKA PLAINSMEN
07/26/2025
 
TOP OF THE 1ST
Hammond Herons batting - Pitching for Nebraska Plainsmen : RHP Jim Unknown
Pitching: RHP Jim Unknown
Batting: RHB Héctor Rivera 0-0: Ball
1-0: Ball
2-0: Ball
3-0: Base on Balls
Batting: LHB Stanley Belote 0-0: Fly out, F8 (Flyball, 8LS)
Batting: RHB José Jarca 0-0: Ball
1-0: Ball
2-0: Called Strike
2-1: Foul Ball, location: 2F
2-2: Strikes out looking
Batting: RHB Manuel Guillama 0-0: Ball
1-0: Ball
2-0: Ground out 1-3 (Groundball, P)
Top of the 1st over - 0 run(s), 0 hit(s), 0 error(s), 1 left on base; Hammond 0 - Nebraska 0
BOTTOM OF THE 1ST
Nebraska Plainsmen batting - Pitching for Hammond Herons : RHP Alberto Mendoza
Pitching: RHP Alberto Mendoza
Batting: RHB Young-hwan Hyon 0-0: Swinging Strike
0-1: Ground out 5-3 (Groundball, 56S)
Batting: RHB Bob Barlow 0-0: Ball
1-0: Ball
2-0: Called Strike
2-1: Ball
3-1: Base on Balls
Batting: RHB Lorenzo Ruíz 0-0: Ball
1-0: SINGLE (Line Drive, 9S)
Bob Barlow to second
Runner from 2nd tries for 3rd, OUT!
Batting: LHB Alex Willis 0-0: Called Strike
0-1: Called Strike
0-2: Ball
1-2: Ball
2-2: Strikes out swinging
Bottom of the 1st over - 0 run(s), 1 hit(s), 0 error(s), 1 left on base; Hammond 0 - Nebraska 0
TOP OF THE 2ND
Hammond Herons batting - Pitching for Nebraska Plainsmen : RHP Jim Unknown
Now at C: Artie Dempsey
Batting: RHB Jay Hood 0-0: Called Strike
0-1: Foul Ball, location: 2F
0-2: Foul Ball, location: 2F
0-2: Ball
1-2: Foul Ball, location: 2F
1-2: Fly out, F9 (Flyball, 9LS)
Batting: RHB Fernando Martínez 0-0: Foul Ball, location: 2F
0-1: Called Strike
0-2: Strikes out looking
Batting: LHB Rubén Aracil 0-0: Called Strike
0-1: Called Strike
0-2: Fly out, F4 (Popup, 34)
Top of the 2nd over - 0 run(s), 0 hit(s), 0 error(s), 0 left on base; Hammond 0 - Nebraska 0
BOTTOM OF THE 2ND
Nebraska Plainsmen batting - Pitching for Hammond Herons : RHP Alberto Mendoza
Batting: RHB Noe Grohman 0-0: Ball
1-0: Called Strike
1-1: Swinging Strike
1-2: Ball
2-2: Ball
3-2: Strikes out swinging
Batting: LHB Lance Antle 0-0: Fly out, F8 (Flyball, 89M)
Batting: RHB Leonard Hiott 0-0: Foul Ball, location: 2F
0-1: Swinging Strike
0-2: Strikes out swinging
Bottom of the 2nd over - 0 run(s), 0 hit(s), 0 error(s), 0 left on base; Hammond 0 - Nebraska 0
TOP OF THE 3RD
Hammond Herons batting - Pitching for Nebraska Plainsmen : RHP Jim Unknown
Batting: RHB Mark Frisby 0-0: Ground out 4-3 (Groundball, 4)
Batting: RHB José Chávez 0-0: Ball
1-0: Ball
2-0: Foul Ball, location: 2F
2-1: Ball
3-1: Swinging Strike
3-2: Strikes out looking
Batting: RHB Héctor Rivera 0-0: Foul Ball, location: 2F
0-1: Ball
1-1: Swinging Strike
1-2: Strikes out swinging
Top of the 3rd over - 0 run(s), 0 hit(s), 0 error(s), 0 left on base; Hammond 0 - Nebraska 0
BOTTOM OF THE 3RD
Nebraska Plainsmen batting - Pitching for Hammond Herons : RHP Alberto Mendoza
Batting: RHB Amos Bies 0-0: Called Strike
0-1: Foul Ball, location: 2F
0-2: Strikes out swinging
Batting: RHB Júlio Crez 0-0: Ground out 4-3 (Groundball, 4)
Batting: RHB Young-hwan Hyon 0-0: Ball
1-0: Foul Ball, location: 2F
1-1: Ground out 5-3 (Groundball, 56S)
Bottom of the 3rd over - 0 run(s), 0 hit(s), 0 error(s), 0 left on base; Hammond 0 - Nebraska 0
TOP OF THE 4TH
Hammond Herons batting - Pitching for Nebraska Plainsmen : RHP Jim Unknown
Batting: LHB Stanley Belote 0-0: Ball
1-0: Swinging Strike
1-1: SINGLE (Line Drive, 8RS)
Batting: RHB José Jarca 0-0: Ball
1-0: SINGLE (Line Drive, 56D)
Stanley Belote to second
Batting: RHB Manuel Guillama 0-0: Called Strike
0-1: Ball
1-1: Ball
2-1: Foul Ball, location: 2F
2-2: Strikes out looking
Batting: RHB Jay Hood 0-0: Ball
1-0: Foul Ball, location: 2F
1-1: Grounds into double play, 6-4-3 (Groundball, 6)
Top of the 4th over - 0 run(s), 2 hit(s), 0 error(s), 1 left on base; Hammond 0 - Nebraska 0
BOTTOM OF THE 4TH
Nebraska Plainsmen batting - Pitching for Hammond Herons : RHP Alberto Mendoza
Batting: RHB Artie Dempsey 0-0: Ball
1-0: Fly out, F7 (Flyball, 7D)
Batting: RHB Lorenzo Ruíz 0-0: Ground out 4-3 (Groundball, 4)
Batting: LHB Alex Willis 0-0: Ball
1-0: Ball
2-0: Fly out, F6 (Popup, 6)
Bottom of the 4th over - 0 run(s), 0 hit(s), 0 error(s), 0 left on base; Hammond 0 - Nebraska 0
TOP OF THE 5TH
Hammond Herons batting - Pitching for Nebraska Plainsmen : RHP Jim Unknown
Batting: RHB Fernando Martínez 0-0: Ball
1-0: Ball
2-0: Foul Ball, location: 2F
2-1: Foul Ball, location: 2F
2-2: Ball
3-2: SINGLE (Groundball, 56D)
Batting: LHB Rubén Aracil 0-0: Bunt missed!
0-1: Sac Bunt - play at first, batter OUT! 1-4
Fernando Martínez to second
Batting: RHB Mark Frisby 0-0: Ball
1-0: Swinging Strike
1-1: Fly out, F9 (Flyball, 9S)
Batting: RHB José Chávez 0-0: Swinging Strike
0-1: Ball
1-1: Fly out, F9 (Line Drive, 89S)
Top of the 5th over - 0 run(s), 1 hit(s), 0 error(s), 1 left on base; Hammond 0 - Nebraska 0
BOTTOM OF THE 5TH
Nebraska Plainsmen batting - Pitching for Hammond Herons : RHP Alberto Mendoza
Batting: RHB Noe Grohman 0-0: Ball
1-0: Fly out, F4 (Popup, 4D)
Batting: LHB Lance Antle 0-0: Ball
1-0: Ball
2-0: Called Strike
2-1: Swinging Strike
2-2: Strikes out swinging
Batting: RHB Leonard Hiott 0-0: Called Strike
0-1: Called Strike
0-2: Ball
1-2: Foul Ball, location: 2F
1-2: Fly out, F7 (Flyball, 78S)
Bottom of the 5th over - 0 run(s), 0 hit(s), 0 error(s), 0 left on base; Hammond 0 - Nebraska 0
TOP OF THE 6TH
Hammond Herons batting - Pitching for Nebraska Plainsmen : RHP Jim Unknown
Batting: RHB Héctor Rivera 0-0: Ball
1-0: Foul Ball, location: 2F
1-1: Ball
2-1: Swinging Strike
2-2: Strikes out swinging
Batting: LHB Stanley Belote 0-0: Called Strike
0-1: Swinging Strike
0-2: Ground out 6-3 (Groundball, 56)
Batting: RHB José Jarca 0-0: Called Strike
0-1: Ball
1-1: Foul Ball, location: 2F
1-2: Ball
2-2: Strikes out swinging
Top of the 6th over - 0 run(s), 0 hit(s), 0 error(s), 0 left on base; Hammond 0 - Nebraska 0
BOTTOM OF THE 6TH
Nebraska Plainsmen batting - Pitching for Hammond Herons : RHP Alberto Mendoza
Batting: RHB Amos Bies 0-0: Called Strike
0-1: Fly out, F8 (Flyball, 8LM)
Batting: RHB Júlio Crez 0-0: Ball
1-0: Ball
2-0: Foul Ball, location: 2F
2-1: Foul Ball, location: 2F
2-2: Foul Ball, location: 2F
2-2: Foul Ball, location: 2F
2-2: Foul Ball, location: 2F
2-2: Strikes out looking
Batting: RHB Young-hwan Hyon 0-0: Fly out, F9 (Flyball, 9LSF)
Bottom of the 6th over - 0 run(s), 0 hit(s), 0 error(s), 0 left on base; Hammond 0 - Nebraska 0
TOP OF THE 7TH
Hammond Herons batting - Pitching for Nebraska Plainsmen : RHP Jim Unknown
Batting: RHB Manuel Guillama 0-0: SINGLE (Flyball, 78S) - OUT at second base trying to stretch hit.
Batting: RHB Jay Hood 0-0: Fly out, F9 (Flyball, 89M)
Batting: RHB Fernando Martínez 0-0: Called Strike
0-1: Ball
1-1: Ball
2-1: Ball
3-1: Foul Ball, location: 2F
3-2: Fly out, F8 (Flyball, 8LS)
Top of the 7th over - 0 run(s), 1 hit(s), 0 error(s), 0 left on base; Hammond 0 - Nebraska 0
BOTTOM OF THE 7TH
Nebraska Plainsmen batting - Pitching for Hammond Herons : RHP Alberto Mendoza
Batting: RHB Artie Dempsey 0-0: Swinging Strike
0-1: Foul Ball, location: 2F
0-2: Ball
1-2: Strikes out looking
Batting: RHB Lorenzo Ruíz 0-0: Called Strike
0-1: Ball
1-1: Ball
2-1: Foul Ball, location: 2F
2-2: Ball
3-2: Base on Balls
Batting: LHB Alex Willis 0-0: Ball
1-0: Ball
Wild Pitch!
Lorenzo Ruíz to second
2-0: Ground out U3 (Groundball, 3)
Lorenzo Ruíz to third
Batting: RHB Noe Grohman 0-0: Foul Ball, location: 2F
0-1: Reached on error, E2 (Groundball, 2L)
Lorenzo Ruíz scores
Pinch Hitting: LHB Jim Unknown 0-0: Fly out, F2 (Popup, 34S)
Bottom of the 7th over - 1 run(s), 0 hit(s), 1 error(s), 1 left on base; Hammond 0 - Nebraska 1
TOP OF THE 8TH
Hammond Herons batting - Pitching for Nebraska Plainsmen : RHP Jim Unknown
Now in RF: Jim Unknown
Batting: LHB Rubén Aracil 0-0: Ball
1-0: Ball
2-0: Ball
3-0: Called Strike
3-1: Base on Balls
Pinch Runner at 1st Marcos Costa:
Batting: RHB Mark Frisby 0-0: Bunt missed!
0-1: Bunt missed!
0-2: Fly out, F9 (Flyball, 9S)
Pinch Hitting: RHB Sergio Pérez 0-0: Ball
1-0: Ball
2-0: Called Strike
2-1: Called Strike
2-2: Strikes out swinging
Batting: RHB Héctor Rivera 0-0: Ball
1-0: Called Strike
1-1: Foul Ball, location: 2F
1-2: Strikes out swinging
Top of the 8th over - 0 run(s), 0 hit(s), 0 error(s), 1 left on base; Hammond 0 - Nebraska 1
BOTTOM OF THE 8TH
Nebraska Plainsmen batting - Pitching for Hammond Herons : RHP Alberto Mendoza
Now in RF: Sergio Pérez
Batting: RHB Leonard Hiott 0-0: Ball
1-0: Ground out 4-3 (Groundball, 4)
Batting: RHB Amos Bies 0-0: Fly out, F7 (Line Drive, 7S)
Batting: RHB Júlio Crez 0-0: Called Strike
0-1: Called Strike
0-2: Ball
1-2: Ground out U3 (Groundball, 34S)
Bottom of the 8th over - 0 run(s), 0 hit(s), 0 error(s), 0 left on base; Hammond 0 - Nebraska 1
TOP OF THE 9TH
Hammond Herons batting - Pitching for Nebraska Plainsmen : RHP Jim Unknown
Pitching: RHP Jim Unknown
Batting: LHB Stanley Belote 0-0: Called Strike
0-1: Ball
1-1: Ball
2-1: Ball
3-1: Base on Balls
Batting: RHB José Jarca 0-0: Foul Ball, location: 2F
0-1: Fly out, F8 (Flyball, 8LM)
Batting: RHB Manuel Guillama 0-0: Ball
Pickoff Throw to First - Error! E1
Stanley Belote to second
1-0: Called Strike
1-1: Called Strike
1-2: Strikes out swinging
Batting: RHB Jay Hood 0-0: Swinging Strike
0-1: Foul Ball, location: 2F
0-2: Strikes out swinging
Top of the 9th over - 0 run(s), 0 hit(s), 1 error(s), 1 left on base; Hammond 0 - Nebraska 1
Friday, December 30th, 2016 - OOTP Baseball 17.12 Build 75